 Dungeon Crawl Stone Soup version 0.19.1 (webtiles) character file.

9445 CanadianGator the Grappler (level 11, 0/93 HPs)
             Began as a Minotaur Transmuter on Dec 1, 2016.
             Was a High Priest of Cheibriados.
             Slain by an unseen horror (10 damage)
             ... on level 10 of the Dungeon.
             The game lasted 00:35:10 (11103 turns).

CanadianGator the Grappler (Minotaur Transmuter)   Turns: 11103, Time: 00:35:11

Health: 0/93       AC:  6    Str: 31    XL:     11   Next: 23%
Magic:  12/12      EV: 19    Int: 23    God:    Cheibriados [*****.]
Gold:   669        SH:  0    Dex: 25    Spells: 3 memorised, 4 levels left

rFire  . . .     SeeInvis .       - Unarmed
rCold  + . .     Gourm    .     C - +2 robe {Archmagi}
rNeg   . . .     Faith    .     (no shield)
rPois  .         Spirit   .     (helmet restricted)
rElec  .         Reflect  .     q - +1 cloak
rCorr  .         Harm     .     (no gloves)
MR     .....                    (no boots)
Stlth  ++........               (no amulet)
                                v - +3 ring of strength
                                g - ring of protection from cold

@: very slow
A: retaliatory headbutt, horns 2, clever 1, strong 1
a: Bend Time, Temporal Distortion, Slouch, Step From Time, Renounce Religion


You were on level 10 of the Dungeon.
You worshipped Cheibriados.
Cheibriados was extremely pleased with you.
You were hungry.

You visited 2 branches of the dungeon, and saw 11 of its levels.

You collected 669 gold pieces.

Inventory:

Hand Weapons
 h - a +1 vampiric spear
Missiles
 a - 48 arrows
 x - 3 tomahawks of returning (quivered)
Armour
 j - a +0 ring mail
 q - a +1 cloak (worn)
 z - a +1 robe of magic resistance
 C - a +2 robe of the Archmagi (worn)
Jewellery
 g - a ring of protection from cold (left hand)
 o - an uncursed ring of protection from cold
 v - a +3 ring of strength (right hand)
 E - an uncursed ring of flight
 I - an uncursed ring of magical power {unknown}
 J - a +6 ring of strength
Wands
 l - a wand of lightning (0/15)
 p - a wand of flame (10/48)
 y - a wand of slowing (24/48)
Scrolls
 i - 6 scrolls of teleportation {unknown}
 n - a scroll of amnesia {unknown}
 r - 3 scrolls of enchant armour
 s - a scroll of remove curse
 B - a scroll of torment {unknown}
 H - a scroll of identify
Potions
 b - a potion of cancellation {unknown}
 k - a potion of berserk rage {unknown}
 t - a potion of magic {unknown}
 u - a potion of mutation {unknown}
 D - 2 potions of flight {unknown}
 G - a potion of brilliance
Books
 c - a book of Changes

   Spells                             Type                      Level
   a - Beastly Appendage              Transmutation                1
   b - Sticks to Snakes               Transmutation                2
   c - Spider Form                    Transmutation/Poison         3
   d - Ice Form                       Ice/Transmutation            4
   e - Blade Hands                    Transmutation                5
 e - a book of Beasts

   Spells                             Type                      Level
   a - Summon Butterflies             Summoning                    1
   b - Call Canine Familiar           Summoning                    3
   c - Summon Ice Beast               Ice/Summoning                4
   d - Summon Mana Viper              Hexes/Summoning              5
   e - Summon Hydra                   Summoning                    7
Comestibles
 d - 4 bread rations
 f - 5 meat rations
 m - 5 fruits
 w - 14 royal jellies
 A - a beef jerky
 F - 2 slices of pizza


   Skills:
 + Level 7.6 Fighting
 - Level 5.0 Throwing
 + Level 6.9 Armour
 + Level 6.8 Dodging
 * Level 9.9 Unarmed Combat
 - Level 1.3 Spellcasting
 * Level 7.4 Transmutations
 + Level 3.1 Invocations
 + Level 3.4 Evocations


You had 4 spell levels left.
You knew the following spells:

 Your Spells              Type           Power        Failure   Level  Hunger
a - Beastly Appendage     Tmut           ######       1%          1    #......
b - Sticks to Snakes      Tmut           ######..     1%          2    ###....
c - Blade Hands           Tmut           ######....   21%         5    ######.


Dungeon Overview and Level Annotations

Branches:
Dungeon (10/15)            Temple (1/1) D:7            Lair (0/6) D:10
    Orc (0/2) D:9

Altars:
Ashenzari
Cheibriados
Hepliaklqana
Okawaru
Ru
Sif Muna
Vehumet
Yredelemnul
Zin
The Shining One

Shops:
D:5 (


Innate Abilities, Weirdness & Mutations

You reflexively headbutt those who attack you in melee.
You have a pair of horns on your head.
Your mind is acute. (Int +2)
Your muscles are strong. (Str +2)


Message History

You now have 669 gold pieces (gained 12).
Your transformation is almost over.
Something hits you!
Deactivating autopickup; reactivate with Ctrl-A.
You see here a ring of strength.
Something hits you. Something hits you!
No target in view!
No target in view!
Something hits you.
You see here a ring of strength.
J - a ring of strength Something closely misses you.
You swing at nothing.
Something hits you!
* * * LOW HITPOINT WARNING * * *
You swing at nothing.
Your hands revert to their normal proportions.
Something hits you!
* * * LOW HITPOINT WARNING * * *
You swing at nothing.
Something hits you!
You die...

........))>..#.#
........)..†.#.#
......####.#.#.###
...........#.....#
......#..#.....#.#
...(. #..#.....#.#
.... ... #.....#.#
......## #.###.#.#
... ...# #.@.# ..
..### ##### #.. ##


There were no monsters in sight!

Vanquished Creatures
  The ghost of CanadianGator the Grappler, a novice MiTm of Cheibriados (D:7)
  Pikel (D:8)
  Psyche (D:8)
  2 two-headed ogres
  A hippogriff (D:10)
  Sigmund (D:6)
  A spriggan (D:8)
  12 yaks (D:9)
  A hungry ghost (D:8)
  Menkaure (D:7)
  2 ice beasts
  A hornet zombie (D:9)
  A black bear (D:9)
  4 orc warriors
  2 sky beasts
  A necrophage (D:5)
  An ogre (D:9)
  3 centaurs
  The ghost of FortunaImperatrix the Magician, an amateur DEWz (D:3)
  3 bullfrogs
  A gnoll sergeant (D:9)
  3 scorpions
  26 killer bees
  4 wights (D:8)
  A howler monkey (D:8)
  2 jellies
  6 crimson imps
  A bullfrog zombie (D:8)
  3 centaur skeletons
  A hound (D:8)
  10 orc priests
  A gnoll shaman (D:6)
  4 iguanas
  Natasha (thrice) (D:3)
  18 orc wizards
  8 worker ants
  2 worker ant zombies
  9 gnolls
  A howler monkey skeleton (D:7)
  10 adders
  2 shadow imps (D:9)
  An ooze (D:3)
  An adder zombie (D:7)
  4 worms
  7 leopard geckos
  38 orcs
  3 ball pythons
  8 bats
  4 giant cockroaches
  6 goblins
  9 hobgoblins
  7 jackals
  A quokka (D:7)
  4 frilled lizards (D:1)
  6 kobolds
  A quokka skeleton (D:7)
  A quokka zombie (D:9)
  8 rats
266 creatures vanquished.

Vanquished Creatures (collateral kills)
  A queen bee (D:9)
  Grinder (D:5)
  A killer bee (D:9)
  2 howler monkeys (D:8)
  3 orc priests
  An orc wizard (D:9)
  5 gnolls
  An orc (D:9)
15 creatures vanquished.

Vanquished Creatures (others)
  A slave (D:8)
  A wight (D:8)
  A quasit (D:8)
  A shadow imp (D:8)
  A giant cockroach (D:8)
  A jackal (D:7)
  A quokka (D:8)
7 creatures vanquished.

Grand Total: 288 creatures vanquished

Notes
Turn   | Place    | Note
-------+----------+-------------------------------------------
     0 | D:1      | CanadianGator the Minotaur Transmuter began the quest for the Orb.
     0 | D:1      | Reached XP level 1. HP: 16/16 MP: 1/1
   281 | D:1      | Reached XP level 2. HP: 23/23 MP: 3/3
   285 | D:1      | Learned a level 2 spell: Sticks to Snakes
   930 | D:2      | Reached XP level 3. HP: 25/28 MP: 4/4
  1249 | D:2      | Reached skill level 4 in Unarmed Combat
  1432 | D:3      | Noticed Natasha
  1445 | D:3      | Killed Natasha
  1445 | D:3      | Reached XP level 4. HP: 17/36 MP: 5/5
  1724 | D:3      | Noticed FortunaImperatrix's ghost (amateur DEWz)
  1741 | D:3      | Killed FortunaImperatrix's ghost
  1741 | D:3      | Reached skill level 1 in Armour
  1741 | D:3      | Reached XP level 5. HP: 12/42 MP: 6/6
  1958 | D:3      | Noticed Natasha
  1965 | D:3      | Killed Natasha
  2412 | D:3      | Noticed Natasha
  2420 | D:3      | Killed Natasha
  2420 | D:3      | Reached skill level 5 in Unarmed Combat
  2716 | D:3      | Reached XP level 6. HP: 33/50 MP: 7/7
  3788 | D:5      | Entered Level 5 of the Dungeon
  3809 | D:5      | Reached XP level 7. HP: 57/57 MP: 8/8
  3929 | D:5      | Found Kiuqikk's Weapon Boutique.
  3973 | D:5      | Noticed Grinder
  3980 | D:5      | Paralysed by Grinder for 3 turns
  3987 | D:5      | Killed Grinder
  3987 | D:5      | Reached skill level 1 in Throwing
  3987 | D:5      | Reached skill level 6 in Unarmed Combat
  5062 | D:6      | Reached XP level 8. HP: 66/66 MP: 9/9
  5455 | D:6      | Reached skill level 5 in Fighting
  5613 | D:6      | Reached skill level 5 in Transmutations
  5726 | D:6      | Noticed Sigmund
  5738 | D:6      | Killed Sigmund
  5738 | D:6      | Reached skill level 7 in Unarmed Combat
  5911 | D:6      | Found a deep blue altar of Sif Muna.
  6279 | D:7      | Noticed CanadianGator's ghost (novice MiTm)
  6302 | D:7      | HP: 2/68 [CanadianGator's ghost (15)]
  6306 | D:7      | Killed CanadianGator's ghost
  6306 | D:7      | Reached skill level 5 in Dodging
  6306 | D:7      | Reached XP level 9. HP: 11/74 MP: 6/10
  6652 | D:7      | Learned a level 5 spell: Blade Hands
  6677 | D:7      | Noticed Menkaure
  6689 | D:7      | Killed Menkaure
  6699 | D:7      | Reached skill level 5 in Armour
  6929 | D:7      | Reached skill level 8 in Unarmed Combat
  6931 | D:7      | Found a staircase to the Ecumenical Temple.
  6950 | Temple   | Entered the Ecumenical Temple
  6961 | Temple   | Became a worshipper of Cheibriados the Contemplative
  7022 | D:7      | Found Ocubrub's Food Shop.
  7454 | D:7      | Reached skill level 1 in Evocations
  7606 | D:8      | Noticed Psyche
  7610 | D:8      | Reached * piety under Cheibriados
  7620 | D:8      | Killed Psyche
  7620 | D:8      | Reached skill level 1 in Invocations
  7921 | D:8      | Noticed Pikel
  7934 | D:8      | Killed Pikel
  7934 | D:8      | Reached XP level 10. HP: 55/83 MP: 6/11
  9254 | D:9      | Reached skill level 9 in Unarmed Combat
  9287 | D:9      | Reached ** piety under Cheibriados
  9694 | D:9      | Reached *** piety under Cheibriados
  9905 | D:9      | Reached **** piety under Cheibriados
 10411 | D:9      | Reached XP level 11. HP: 90/92 MP: 5/12
 10628 | D:9      | Reached skill level 5 in Throwing
 10755 | D:9      | Found a staircase to the Orcish Mines.
 10866 | D:10     | Entered Level 10 of the Dungeon
 10911 | D:10     | Reached ***** piety under Cheibriados
 10921 | D:10     | Gained mutation: You are weak. (Str -2) [mutagenic meat]
 10922 | D:10     | Gained mutation: Your mind is acute. (Int +2) [mutagenic meat]
 10923 | D:10     | Lost mutation: You are weak. (Str -2) [mutagenic meat]
 10924 | D:10     | Gained mutation: Your muscles are strong. (Str +2) [mutagenic meat]
 10961 | D:10     | Found a staircase to the Lair.
 11103 | D:10     | Slain by an unseen horror

Skill      XL: |  1  2  3  4  5  6  7  8  9 10 11 |
---------------+----------------------------------+-----
Transmutations | 2 3 4 5 6 7 |  7.4
Fighting       | 2 3 4 5 6 7 |  7.6
Unarmed Combat | 4 5 6 7 8 9 |  9.9
Armour         | 1 2 3 4 5 6 |  6.9
Dodging        | 3 5 6 |  6.8
Throwing       | 1 3 4 5 |  5.0
Evocations     | 1 3 |  3.4
Invocations    | 1 3 |  3.1
Spellcasting   | |  1.3

Action                   |  1- 3 |  4- 6 |  7- 9 | 10-12 || total
-------------------------+-------+-------+-------+-------++-------
Melee: Unarmed           |   116 |   141 |   282 |   209 ||   748
       Headbutt          |    14 |    24 |    74 |    53 ||   165
       Punch             |     1 |     2 |     8 |    13 ||    24
       Kick              |       |     1 |    15 |     3 ||    19
Throw: Tomahawk          |       |    10 |     5 |     3 ||    18
 Cast: Sticks to Snakes  |       |     1 |    25 |    27 ||    53
       Beastly Appendage |       |     1 |     5 |     1 ||     7
       Blade Hands       |       |       |       |     4 ||     4
Evoke: Wand              |       |    12 |     3 |     3 ||    18
  Use: Scroll            |       |     6 |     5 |     1 ||    12
       Potion            |       |     2 |     6 |     6 ||    14
 Stab: Sleeping          |     1 |       |     1 |     1 ||     3
       Distracted        |       |       |       |     7 ||     7
  Eat: Chunk             |       |     9 |     7 |     4 ||    20
       Bread ration      |       |       |     2 |     2 ||     4
Armor: Leather armour    |    27 |    17 |    38 |       ||    82
       Ring mail         |       |       |    28 |    19 ||    47
       Robe              |       |       |       |    15 ||    15
       Skin              |       |       |       |     5 ||     5
Dodge: Dodged            |    67 |    75 |   161 |   173 ||   476
